 Dungeon Crawl Stone Soup version 0.25-a0-1057-gcb8d101 (webtiles) character file.

Game seed: 9128048537043332472, levelgen mode: deterministic

128 BlueFish the Grasshopper (level 5, -1/35 HPs)
             Began as an Octopode Warper on May 14, 2020.
             Hit by a silver boomerang thrown by an orc (4 damage)
             ... on level 3 of the Dungeon.
             The game lasted 00:05:09 (2107 turns).

BlueFish the Grasshopper (Octopode Warper)          Turns: 2107, Time: 00:05:10

Health: -1/35      AC:  3    Str: 11    XL:     5   Next: 12%
Magic:  4/8        EV: 14    Int: 16    God:
Gold:   85         SH:  0    Dex: 11    Spells: 4/8 levels left

rFire    . . .     SeeInvis .     - Unarmed
rCold    . . .     Gourm    .   (no shield)
rNeg     . . .     Faith    .   e - +0 hat
rPois    .         Spirit   .   (no amulet)
rElec    .         Reflect  .   i - +2 ring of protection
rCorr    .         Harm     .   (no ring)
MR       .....                  (no ring)
Stlth    +++.......             (no ring)
HPRegen  0.11/turn              (no ring)
MPRegen  0.11/turn              (no ring)
                                (no ring)
                                (no ring)

@: shrouded
A: almost no armour, stealthy swim, amphibious, 8 rings, constrict 8, camouflage
1, gelatinous body 1
a: no special abilities


You were on level 3 of the Dungeon.
You were hungry.

You visited 1 branch of the dungeon, and saw 3 of its levels.

You collected 85 gold pieces.

Inventory:

Missiles
 c - 5 boomerangs of dispersal (quivered)
 j - 24 stones
 l - 12 arrows
Armour
 e - a +0 hat (worn)
Jewellery
 i - a +2 ring of protection (left tentacle)
Scrolls
 b - a scroll of blinking
 f - a scroll of magic mapping
 n - 2 scrolls of teleportation
Potions
 a - a potion of degeneration {unknown}
 g - a potion of stabbing {unknown}
 k - a potion of berserk rage {unknown}
 m - a potion of brilliance {unknown}
Comestibles
 d - 5 rations
 h - a chunk of flesh


   Skills:
 * Level 2.4 Fighting
 * Level 1.6 Throwing
 * Level 2.9 Dodging
 * Level 3.0 Stealth
 * Level 3.0 Unarmed Combat
 + Level 2.2 Spellcasting
 + Level 0.4 Charms
 + Level 3.2 Translocations


You had 4 spell levels left.
You knew the following spells:

 Your Spells              Type           Power        Failure   Level  Hunger
a - Shroud of Golubria    Chrm/Tloc      #.....       14%         2    ###....
b - Blink                 Tloc           N/A          9%          2    ###....

Your spell library contained the following spells:

 Spells                   Type           Power        Failure   Level  Hunger
 Gell's Gravitas          Tloc           ##........   16%         3    ###....
 Lesser Beckoning         Tloc           ##........   16%         3    ###....
 Teleport Other           Tloc           ##......     16%         3    ###....
 Passage of Golubria      Tloc           N/A          47%         4    #####..


Dungeon Overview and Level Annotations

Branches:
Dungeon (3/15)

Altars:
Dithmenos
Elyvilon
Fedhas
Hepliaklqana
Makhleb
Sif Muna


Innate Abilities, Weirdness & Mutations

You cannot wear most types of armour.
You are very stealthy in the water. (Stealth+)
You are amphibious.
You can wear up to eight rings at the same time.
You can use your tentacles to constrict eight enemies at once.
Your skin changes colour to match your surroundings (Stealth+).
Your rubbery body absorbs attacks. (AC +1, EV +1)


Message History

Your shroud bends the orc wizard's attack away.
The orc throws a silver boomerang.
The silver boomerang hits you but does no damage.
* * * LOW HITPOINT WARNING * * *
The weapon returns to the orc!
You tentacle-slap the orc wizard. You squeeze the orc wizard!
The orc wizard is almost dead.
You constrict the orc wizard.
You kill the orc wizard!
Your Stealth skill increases to level 3!
Your Unarmed Combat skill increases to level 3!
You have reached level 5!
You feel clever.
The orc throws a silver boomerang.
The silver boomerang barely misses you.
The weapon returns to the orc!
Casting: Shroud of Golubria (safe; 14% risk of failure)
Confirm with . or Enter, or press ? or * to list all spells.
You renew your shroud.
The orc throws a silver boomerang.
The silver boomerang hits you.
You die...

*,*****,,,,,<,,,,,,,,,* *,*
*,..,,,,,,*******
*,*****,#.**,****
*,,,,,,,#.**** *###**###.#
#..,,..#.# #.#**#.#.#
#.####.#.#######
#######.......).@.[..########
......#..###.#.#####....รท...#
##..>....# #.o..## ########.#
##....#.####.....# #.#
###.#.#.........## #####.###
###.....######.## #.......#
......#.# #.# #.###.#.#
#######.# #.# #.###.#.# #.#
##'## #.....#.#


You could see an orc.

Vanquished Creatures
  An orc wizard (D:3)
  3 adders
  An ooze (D:3)
  2 worms (D:2)
  3 dart slugs (D:1)
  A leopard gecko (D:2)
  An orc (D:3)
  3 giant cockroaches
  8 goblins
  4 hobgoblins (D:1)
  4 jackals (D:1)
  11 kobolds
  A ball python (D:2)
  8 bats
  A frilled lizard (D:1)
  A rat (D:2)
53 creatures vanquished.

Vanquished Creatures (others)
  5 toadstools (D:1)
5 creatures vanquished.

Grand Total: 58 creatures vanquished

Notes
Turn   | Place    | Note
-------+----------+-------------------------------------------
     0 | D:1      | BlueFish the Octopode Warper began the quest for the Orb.
     0 | D:1      | Reached XP level 1. HP: 14/14 MP: 3/3
    97 | D:1      | Reached XP level 2. HP: 13/19 MP: 5/5
   102 | D:1      | Learned a level 2 spell: Shroud of Golubria
   105 | D:1      | Learned a level 2 spell: Blink
   384 | D:1      | Reached skill level 1 in Stealth
   577 | D:1      | Reached XP level 3. HP: 17/24 MP: 3/6
  1223 | D:2      | Found a shadowy altar of Dithmenos.
  1246 | D:2      | Found a faded altar of an unknown god.
  1246 | D:2      | Found a hazy altar of Hepliaklqana.
  1251 | D:2      | Found a white marble altar of Elyvilon.
  1257 | D:2      | Found a shimmering blue altar of Sif Muna.
  1258 | D:2      | Found a burning altar of Makhleb.
  1553 | D:2      | Found a blossoming altar of Fedhas.
  1664 | D:2      | Reached XP level 4. HP: 29/29 MP: 5/7
  2105 | D:3      | Reached XP level 5. HP: 3/35 MP: 6/8
  2107 | D:3      | Hit by a silver boomerang thrown by an orc

Illustrated notes

Levels and vault maps discovered:
D:1:      ldierk_walled_garden, layout_loops_ring
D:2:      layout_loops_cross, chequers_temple_overflow_minitemple,
          grunt_dithmenos_smoke, fedhas_altar_3
D:3:      layout_loops_corners, tgw_xom, uniq_crazy_yiuf_cottage

Skill      XL: |  1  2  3  4 |
---------------+-------------+-----
Stealth        | 1 2 3 |  3.0
Unarmed Combat | 3 |  3.0
Fighting       | |  2.4
Throwing       | |  1.6
Dodging        | |  2.9
Spellcasting   | |  2.2
Charms         | |  0.4
Translocations | |  3.2

Action                   |  1- 3 |  4- 6 || total
-------------------------+-------+-------++-------
Melee: Unarmed           |   106 |    34 ||   140
       Constrict         |    28 |     6 ||    34
       Tentacles         |    16 |     5 ||    21
       Punch             |     3 |     2 ||     5
 Cast: Shroud of Golubri |    16 |     7 ||    23
  Use: Scroll            |       |     3 ||     3
 Stab: Sleeping          |     7 |     2 ||     9
  Eat: Chunk             |     3 |     2 ||     5
Armor: Skin              |     6 |     5 ||    11
Dodge: Dodged            |    62 |    14 ||    76

Table legend:
 A = Non-vault XP
 B = Vault XP
 C = Vault XP percentage of total XP
 D = Non-vault monster count
 E = Vault monster count
 F = Vault count percentage of total count
                 A         B        C        D         E       F
            +---------+---------+-------+---------+---------+-------
      Total |     184 |       0 |   0.0 |      53 |       0 |   0.0
            +---------+---------+-------+---------+---------+-------
        D:1 |      53 |       0 |   0.0 |      28 |       0 |   0.0
        D:2 |      64 |       0 |   0.0 |      20 |       0 |   0.0
        D:3 |      67 |       0 |   0.0 |       5 |       0 |   0.0
            +---------+---------+-------+---------+---------+-------
